 Dungeon Crawl Stone Soup version 0.25-a0-1007-g10a8c3caa8 (webtiles) character file.

Game seed: 12478375471360755914, levelgen mode: deterministic

1503 Flugslaktarn the Cleaver (level 8, -2/71 HPs)
             Began as a Minotaur Fighter on May 11, 2020.
             Was an Initiate of Gozag.
             Slain by a gargoyle
             ... wielding a +0 flail
              (6 damage)
             ... on level 7 of the Dungeon.
             The game lasted 00:01:42 (4670 turns).

Flugslaktarn the Cleaver (Minotaur Fighter)         Turns: 4670, Time: 00:01:43

Health: -2/71      AC:  9    Str: 22    XL:     8   Next: 52%
Magic:  7/7        EV:  8    Int:  5    God:    Gozag
Gold:   272        SH: 10    Dex: 11    Spells: 7/7 levels left

rFire    . . .     SeeInvis .   z - +8 war axe (curse)
rCold    . . .     Gourm    .   c - +0 kite shield
rNeg     . . .     Faith    .   b - +0 scale mail
rPois    .         Spirit   .   (helmet restricted)
rElec    .         Reflect  .   (no cloak)
rCorr    .         Harm     .   (no gloves)
MR       .....                  A - +0 pair of boots
Stlth    ..........             (no amulet)
HPRegen  0.21/turn              (no ring)
MPRegen  0.10/turn              (no ring)

@: mighty, gold aura
A: retaliatory headbutt, horns 2
a: Potion Petition, Call Merchant, Bribe Branch, Renounce Religion


You were on level 7 of the Dungeon.
You worshipped Gozag.
Gozag was aware of your devotion.
You were hungry.

You visited 2 branches of the dungeon, and saw 8 of its levels.

You collected 394 gold pieces.
You paid 122 gold pieces to Gozag.

Inventory:

Hand Weapons
 z - a cursed +8 war axe (weapon)
   (You took it off a wight on level 6 of the Dungeon)
Armour
 b - a +0 scale mail (worn)
 c - a +0 kite shield (worn)
 A - a +0 pair of boots (worn)
   (You found it on level 6 of the Dungeon)
Jewellery
 h - an uncursed ring of resist corrosion {unknown}
   (You found it on level 1 of the Dungeon)
 r - an uncursed amulet of regeneration {unknown}
   (You found it on level 5 of the Dungeon)
Wands
 g - a wand of acid (8)
   (You found it on level 5 of the Dungeon)
 s - a wand of iceblast (9)
   (You found it on level 5 of the Dungeon)
 x - a wand of paralysis (7)
   (You found it on level 6 of the Dungeon)
Scrolls
 a - a scroll of summoning {unknown}
 j - a scroll of enchant weapon {unknown}
 m - a scroll of immolation {unknown}
 n - 2 scrolls of amnesia {unknown}
 o - a scroll of fear {unknown}
 p - a scroll of teleportation {unknown}
 q - a scroll of fog {unknown}
 t - 2 scrolls of remove curse {unknown}
 u - a scroll of noise {unknown}
 v - a scroll of identify {unknown}
 w - a scroll of torment {unknown}
 y - a scroll of magic mapping {unknown}
Potions
 f - 3 potions of stabbing {unknown}
 i - 2 potions of flight {unknown}
 k - 2 potions of curing {unknown}
 l - 2 potions of haste {unknown}
 B - 2 potions of invisibility {unknown}
Comestibles
 e - 10 rations


   Skills:
 + Level 6.7 Fighting
 * Level 8.4 Axes
 + Level 6.7 Armour
 + Level 6.8 Shields


You had 7 spell levels left.
You didn't know any spells.
Your spell library was empty.

Dungeon Overview and Level Annotations

Branches:
Dungeon (7/15)             Temple (1/1) D:6

Altars:
Ashenzari
Cheibriados
Elyvilon
Gozag
Hepliaklqana
Kikubaaqudgha
Okawaru
Vehumet
Wu Jian
Xom
Yredelemnul
The Shining One

Annotations:
D:6 2 transporters, Flugslaktarn's ghost, novice MiFi


Innate Abilities, Weirdness & Mutations

You reflexively headbutt those who attack you in melee.
You have a pair of horns on your head.


Message History

The gargoyle hurls a stone arrow at you.
The stone arrow hits you!
* * * LOW HITPOINT WARNING * * *
The centaur zombie hits you but does no damage.
Unknown command.
You completely miss the gargoyle. Your headbutt misses the gargoyle.
The gargoyle is severely damaged.
You slash the centaur zombie!
The centaur zombie hits you but does no damage.
The gargoyle closely misses you.
You hit the gargoyle but do no damage. You headbutt the gargoyle!
The gargoyle is almost destroyed.
You slice the centaur zombie!! The centaur zombie barely misses you.
The gargoyle closely misses you. You block the centaur zombie's attack.
You hit the gargoyle but do no damage.
The gargoyle is almost destroyed.
You completely miss the centaur zombie. The centaur zombie closely misses you.
The gargoyle hits you with a +0 flail.
You die...
Your body crumbles into a pile of gold.

###...## +......#
#......# #......#
#....(.# .
#####.##.####### ...
#..##.##.##....##....
#.....#.......9....>.
#.....#...$..@Z##
+.....#........#
#.....#........#
#.....#........#
#.....#........#
##...###+###...#
#...###..###+##
#...........
#...........


You could see a gargoyle and a centaur zombie.

Vanquished Creatures
  An ice beast (D:7)
  A sky beast (D:6)
  A necrophage (D:4)
  A centaur (D:6)
  3 ogres
  3 bullfrogs (D:6)
  Blork the orc (D:4)
  2 scorpions
  5 wights
  2 howler monkeys (D:6)
  A crimson imp (D:6)
  A jelly (D:7)
  An iguana (D:6)
  5 worker ants
  3 adders
  A shadow imp (D:6)
  An ooze (D:2)
  An adder skeleton (D:5)
  2 dart slugs (D:1)
  2 leopard geckos
  2 orcs
  A ball python (D:4)
  4 bats (D:1)
  2 giant cockroaches (D:6)
  A goblin (D:1)
  5 kobolds
  2 quokkas (D:6)
  4 frilled lizards
  A leopard gecko zombie (D:7)
  A rat (D:2)
61 creatures vanquished.

Notes
Turn   | Place    | Note
-------+----------+-------------------------------------------
     0 | D:1      | Flugslaktarn the Minotaur Fighter began the quest for the
                  | Orb.
     0 | D:1      | Reached XP level 1. HP: 19/19 MP: 0/0
   207 | D:1      | Reached XP level 2. HP: 27/27 MP: 1/1
   234 | D:1      | Reached skill level 3 in Axes
   624 | D:3      | Found a radiant altar of Vehumet.
   659 | D:4      | Noticed a necrophage
   665 | D:4      | Killed a necrophage
   665 | D:4      | Reached skill level 4 in Axes
   665 | D:4      | Reached XP level 3. HP: 25/33 MP: 2/2
   665 | D:4      | Reached XP level 4. HP: 30/40 MP: 3/3
   835 | D:4      | Noticed Blork the orc
   842 | D:4      | Killed Blork the orc
   842 | D:4      | Reached XP level 5. HP: 37/46 MP: 4/4
   978 | D:4      | Noticed an ogre
   982 | D:4      | Killed an ogre
   982 | D:4      | Reached skill level 5 in Axes
   982 | D:4      | Reached XP level 6. HP: 54/54 MP: 5/5
  1003 | D:4      | Reached skill level 5 in Shields
  1132 | D:4      | Reached skill level 5 in Fighting
  1132 | D:4      | Reached skill level 5 in Armour
  1367 | D:4      | Found a shimmering altar of Xom.
  1368 | D:4      | Found a hazy altar of Hepliaklqana.
  1368 | D:4      | Noticed a yak
  1369 | D:4      | Noticed a spectral ugly thing
  1592 | D:4      | Reached skill level 6 in Axes
  1905 | D:5      | Entered Level 5 of the Dungeon
  2041 | D:5      | Reached XP level 7. HP: 42/60 MP: 6/6
  2248 | D:5      | Found a white marble altar of Elyvilon.
  3156 | D:6      | Found a staircase to the Ecumenical Temple.
  3163 | Temple   | Entered the Ecumenical Temple
  3202 | Temple   | Became a worshipper of Gozag Ym Sagoz the Greedy
  3390 | D:6      | Found a transporter.
  3392 | D:6      | Found a transporter.
  3392 | D:6      | Noticed Flugslaktarn's ghost (novice MiFi)
  3392 | D:6      | Identified the +9 dire flail of Poverty {vorpal, *Noise
                  | rPois rN+ Str+3}
  3412 | D:6      | Found an iron altar of Okawaru.
  3419 | D:6      | Reached skill level 7 in Axes
  3429 | D:6      | HP: 3/61 [bullfrog (2)]
  3442 | D:6      | Reached XP level 8. HP: 42/70 MP: 7/7
  4284 | D:6      | Reached skill level 8 in Axes
  4322 | D:6      | Found an ancient bone altar of Kikubaaqudgha.
  4657 | D:7      | Noticed a gargoyle
  4667 | D:7      | HP: 3/71 [gargoyle/stone arrow (17)]
  4670 | D:7      | Slain by a gargoyle

Illustrated notes

Levels and vault maps discovered:
D:1:      wander_arrival_desolate, layout_basic
D:2:      layout_rooms, grunt_temple_overflow_open, minmay_ruptured,
          uniq_terence
D:3:      layout_loops_cross, old_standard_altar, first_ration
D:4:      layout_loops_ring, regret_index_temple_of_mockery, serial_forest,
          infiniplex_forest_fountain, infiniplex_forest_clump_tiny,
          infiniplex_forest_end_1, infiniplex_forest_lined_3,
          infiniplex_forest_clump_small, infiniplex_forest_straight_3,
          infiniplex_forest_end_2, infiniplex_forest_corner_2,
          infiniplex_forest_lined_3, uniq_blork_the_orc
D:5:      layout_layer_cave, lemuel_crystal_altar
D:6:      layout_basic, okawaru_ov_weapons_minmay, lemuel_crystal_altar,
          minmay_temple_entry_arrows, gammafunk_ghost_smash,
          hangedman_abyss_or_decor_stabs
D:7:      layout_gridville
Temple:   dpeg_three_leaves_temple

Skill      XL: |  1  2  3  4  5  6  7  8 |
---------------+-------------------------+-----
Axes           | 4 5 6 7 8 |  8.4
Shields        | 4 5 6 |  6.8
Fighting       | 4 5 6 |  6.7
Armour         | 4 5 6 |  6.7

Action                   |  1- 3 |  4- 6 |  7- 9 || total
-------------------------+-------+-------+-------++-------
Melee: War axe           |    38 |    54 |    71 ||   163
       Headbutt          |     6 |    13 |    13 ||    32
Invok: Potion Petition   |       |       |     1 ||     1
  Use: Potion            |       |       |     1 ||     1
  Eat: Chunk             |       |     3 |     1 ||     4
       Ration            |       |       |     2 ||     2
Armor: Scale mail        |    11 |     6 |    30 ||    47
Dodge: Dodged            |    13 |    14 |    21 ||    48
Block: Kite shield       |    25 |    31 |    43 ||    99

Table legend:
 A = Non-vault XP
 B = Vault XP
 C = Vault XP percentage of total XP
 D = Non-vault monster count
 E = Vault monster count
 F = Vault count percentage of total count
                 A         B        C        D         E       F
            +---------+---------+-------+---------+---------+-------
      Total |    2063 |      85 |   4.0 |      60 |       1 |   1.6
            +---------+---------+-------+---------+---------+-------
        D:1 |      21 |       0 |   0.0 |      10 |       0 |   0.0
        D:2 |       9 |       0 |   0.0 |       3 |       0 |   0.0
        D:3 |       7 |       0 |   0.0 |       3 |       0 |   0.0
        D:4 |     600 |      85 |  12.4 |      15 |       1 |   6.2
        D:5 |     113 |       0 |   0.0 |       3 |       0 |   0.0
        D:6 |    1022 |       0 |   0.0 |      21 |       0 |   0.0
        D:7 |     291 |       0 |   0.0 |       5 |       0 |   0.0
            +---------+---------+-------+---------+---------+-------
